 Dungeon Sprint DCSS version 0.31-a0-1-g4198be8af4 (webtiles) character file.

Game seed: 7628813664112793043

8101 howech the Imperceptible (level 11, 0/55 (61) HPs)
             Began as an Octopode Enchanter on May 2, 2023.
             Was a High Priest of Sif Muna.
             Slain by an unseen horror (10 damage)
             ... in the Dungeon (Sprint I: "Red Sonja").
             The game lasted 00:08:09 (699 turns).

howech the Imperceptible (Octopode Enchanter)        Turns: 699, Time: 00:08:10

HP:   0/55 (61)     AC: -1    Str:  7    XL:     11   Next: 25%
MP:   17/27         EV: 15    Int: 22    God:    Sif Muna [*****.]
Gold: 328           SH:  0    Dex: 13    Spells: 29/34 levels left

rFire   . . .        a - +1 dagger
rCold   . . .        (no shield)
rNeg    . . .        k - +2 hat {Will+}
rPois   .            (no amulet)
rElec   .            l - ring of wizardry
rCorr   .            (no ring)
SInv    .            (no ring)
Will    +....        (no ring)
Stlth   +++++++++    (no ring)
HPRegen 0.29/turn    (no ring)
MPRegen 0.20/turn    (no ring)
                     (no ring)

%: no teleportation, wizardry (x1)
@: corroded, hasted, drained, very quick
A: almost no armour, amphibious, 8 rings, camouflage 1, gelatinous body 1,
(nimble swimmer 1), tentacles
a: Renounce Religion, Channel Magic, Forget Spell, Divine Exegesis


You were in the Dungeon.
You worshipped Sif Muna.
Sif Muna was extremely pleased with you.
You visited 1 branch You collected 878 gold pieces.
You spent 530 gold pieces at shops.
You donated 20 gold pieces to Zin.

Inventory:

Hand Weapons
 a - a +1 dagger (weapon)
Armour
 k - a +2 hat of willpower (worn)
Jewellery
 l - a ring of wizardry (left tentacle)
Wands
 g - a wand of flame (44)
Scrolls
 h - a scroll of blinking
Potions
 b - a potion of invisibility
 f - 2 potions of magic
 i - a potion of attraction {unknown}
 j - a potion of degeneration {unknown}


   Skills:
 - Level 5.9 Short Blades
 - Level 6.0 Dodging
 + Level 21.5 Stealth
 - Level 12.0 Spellcasting
 - Level 12.0 Hexes
 - Level 12.0 Ice Magic


You had 29 spell levels left.
You knew the following spells:

 Your Spells              Type           Power      Damage    Failure   Level
a - Ensorcelled Hibernat  Hex/Ice        100%       N/A       1%          2
b - Confusing Touch       Hex            60%        N/A       1%          3

Your spell library contained the following spells:

 Spells                   Type           Power      Damage    Failure   Level
 Dazzling Flash           Conj/Hex       78%        N/A       1%          3
 Tukima's Dance           Hex            60%        N/A       1%          3


Dungeon Overview and Level Annotations

Branches:
Dungeon (1/1)

Altars:
Cheibriados
Dithmenos
Elyvilon
Fedhas
Gozag
Hepliaklqana
Kikubaaqudgha
Makhleb
Nemelex Xobeh
Okawaru
Qazlal
Ru
Sif Muna
Trog
Uskayaw
Vehumet
Wu Jian
Xom
Yredelemnul
Zin
The Shining One
Jiyva
Lugonu

Shops:
D [(!==::!=[=((:[[*


Innate Abilities, Weirdness & Mutations

You cannot wear most types of armour.
You are amphibious.
You can wear up to eight rings at the same time.
Your skin changes colour to match your surroundings (Stealth+).
Your rubbery body absorbs attacks. (AC +1, EV +1)
((You are camouflaged when in or above water. (Stealth+)))
You have tentacles for arms and can constrict up to eight enemies at once.


Message History

There is an entrance to Nym Biru's Book Boutique here.
Unknown command.
Unknown command.
Unknown command.
Something hits you!
Unknown command.
Casting: Ensorcelled Hibernation (safe; 1% risk of failure)
Confirm with . or Enter, or press ? or * to list all spells.
Aiming: Ensorcelled Hibernation (safe; 1% risk of failure)
Press: ? - help, Shift-Dir - straight line, f - jelly, p - jelly
Aim: a jelly (chance to affect: 78%) Nothing appears to happen.
Something hits you!
* * * LOW HITPOINT WARNING * * *
Unknown command.
Unknown command.
Casting: Ensorcelled Hibernation (safe; 1% risk of failure)
Confirm with . or Enter, or press ? or * to list all spells.
Aiming: Ensorcelled Hibernation (safe; 1% risk of failure)
Press: ? - help, Shift-Dir - straight line, p - jelly Nothing appears to happen.
You feel yourself speed up.
Casting: Ensorcelled Hibernation (safe; 1% risk of failure)
Confirm with . or Enter, or press ? or * to list all spells.
Your tentacles begin to glow red.
Something hits you.
* * * LOW HITPOINT WARNING * * *
You miss something.
The jelly quivers.
Something hits you.
* * * LOW HITPOINT WARNING * * *
You feel better. Something hits you.
* * * LOW HITPOINT WARNING * * *
You hit something but do no damage. Something hits you.
* * * LOW HITPOINT WARNING * * *
Casting: Confusing Touch (safe; 1% risk of failure)
Confirm with . or Enter, or press ? or * to list all spells.
Aiming: Ensorcelled Hibernation (safe; 1% risk of failure)
Press: ? - help, Shift-Dir - straight line Nothing appears to happen.
Something barely misses the jelly.
You barely miss something. You squeeze something. Something hits you!
You die...

....#
#...######†#
....#
#.....§§.#§#
.#..#
####.....§§#§.#
....#
n$$...J.§.~####
....#
nn?.......~~#
....#
#.......n~~##
''###
###..~~~J###
...∩#
#.######{###
....# ##@∩#
...∩#
∩∩∩∩∩∩∩∩##
##### #########


You could see a necrophage and 2 jellies.

Vanquished Creatures
  2 centaur warriors (D)
  Sonja (D)
  A deep troll (D)
  8 shining eyes (D)
  An oklob plant (D)
  2 kobold demonologists (D)
  A hornet (D)
  A slime creature (D)
  Sigmund (D)
  A yak (D)
  2 redbacks (D)
  6 floating eyes (D)
  An ogre (D)
  2 necrophages (D)
  6 jellies (D)
  Ijyb (D)
37 creatures vanquished.

Notes
Turn   | Place    | Note
-------+----------+-------------------------------------------
     0 | D        | howech the Octopode Enchanter began the quest for the Orb.
     0 | D        | Reached XP level 1. HP: 11/11 MP: 3/3
     4 | D        | Noticed Ijyb
    10 | D        | Killed Ijyb
    11 | D        | Reached skill level 5 in Stealth
    11 | D        | Reached XP level 2. HP: 14/17 MP: 3/5
    11 | D        | Reached XP level 3. HP: 17/21 MP: 4/7
    16 | D        | Learned a level 2 spell: Ensorcelled Hibernation
    20 | D        | Learned a level 3 spell: Confusing Touch
    20 | D        | Noticed an ogre
    25 | D        | Killed an ogre
    26 | D        | Reached skill level 6 in Stealth
    26 | D        | Reached XP level 4. HP: 21/27 MP: 5/10
    59 | D        | Noticed Sigmund
    62 | D        | Killed Sigmund
    63 | D        | Reached skill level 5 in Short Blades
    63 | D        | Reached skill level 5 in Dodging
    63 | D        | Reached skill level 8 in Stealth
    63 | D        | Reached skill level 5 in Spellcasting
    63 | D        | Reached skill level 5 in Hexes
    63 | D        | Reached XP level 5. HP: 31/31 MP: 8/12
    63 | D        | Reached XP level 6. HP: 36/36 MP: 8/13
    75 | D        | Found a shimmering blue altar of Sif Muna.
    76 | D        | Found an ornate altar of the Wu Jian Council.
    77 | D        | Found a radiant altar of Vehumet.
    83 | D        | Reached skill level 5 in Ice Magic
    91 | D        | Found Gaemei's Jewellery Emporium.
    91 | D        | Found an ancient bone altar of Kikubaaqudgha.
    91 | D        | Found a hazy altar of Hepliaklqana.
    91 | D        | Found a stormy altar of Qazlal.
    91 | D        | Found a hide-covered altar of Uskayaw.
    91 | D        | Found a blossoming altar of Fedhas.
    91 | D        | Found a bloodstained altar of Trog.
    91 | D        | Found an iron altar of Okawaru.
    91 | D        | Found a basalt altar of Yredelemnul.
    91 | D        | Found a glowing golden altar of the Shining One.
    91 | D        | Found a snail-covered altar of Cheibriados.
    91 | D        | Found a sacrificial altar of Ru.
    91 | D        | Found a glowing silver altar of Zin.
    91 | D        | Found a shadowy altar of Dithmenos.
    91 | D        | Found a white marble altar of Elyvilon.
    91 | D        | Noticed a yak
    92 | D        | Found an opulent altar of Gozag.
    93 | D        | Killed a yak
    94 | D        | Reached skill level 9 in Stealth
    94 | D        | Reached XP level 7. HP: 41/41 MP: 12/15
    94 | D        | Found a sparkling altar of Nemelex Xobeh.
   101 | D        | Became a worshipper of Zin the Law-Giver
   101 | D        | Reached * piety under Zin
   101 | D        | Reached ** piety under Zin
   101 | D        | Reached *** piety under Zin
   101 | D        | Reached **** piety under Zin
   101 | D        | Reached ***** piety under Zin
   101 | D        | Reached ****** piety under Zin
   108 | D        | Noticed Sonja
   112 | D        | Killed Sonja
   113 | D        | Reached skill level 11 in Stealth
   113 | D        | Reached XP level 8. HP: 46/46 MP: 13/19
   120 | D        | Found Ompa's Antique Armour Boutique.
   128 | D        | Bought a glowing hat for 140 gold pieces
   134 | D        | Noticed a shining eye
   134 | D        | Noticed a shining eye
   134 | D        | Noticed a shining eye
   135 | D        | Paralysed by a floating eye for 4 turns
   136 | D        | Noticed a shining eye
   140 | D        | Noticed a shining eye
   142 | D        | Reached skill level 12 in Stealth
   168 | D        | Killed a shining eye
   169 | D        | Reached skill level 13 in Stealth
   170 | D        | Killed a shining eye
   171 | D        | Reached XP level 9. HP: 51/51 MP: 8/21
   175 | D        | Killed a shining eye
   176 | D        | Reached skill level 14 in Stealth
   176 | D        | Reached skill level 10 in Hexes
   185 | D        | Killed a shining eye
   186 | D        | Reached skill level 10 in Ice Magic
   186 | D        | Noticed a shining eye
   193 | D        | Killed a shining eye
   194 | D        | Reached skill level 15 in Stealth
   194 | D        | Reached skill level 10 in Spellcasting
   195 | D        | Noticed a shining eye
   195 | D        | Noticed a shining eye
   207 | D        | Killed a shining eye
   208 | D        | Reached XP level 10. HP: 56/56 MP: 11/24
   215 | D        | Killed a shining eye
   216 | D        | Reached skill level 16 in Stealth
   231 | D        | Killed a shining eye
   234 | D        | Found Zagh's Weapon Shoppe.
   234 | D        | Found Qiogob's Jewellery Shop.
   234 | D        | Found Xeud's Distillery.
   234 | D        | Found Voez's Book Boutique.
   272 | D        | Fell from the grace of Zin
   272 | D        | Became a worshipper of Sif Muna the Loreminder
   302 | D        | Noticed a deep troll
   306 | D        | Killed a deep troll
   316 | D        | Found Doaxai's Armour Emporium.
   348 | D        | Found a viscous altar of Jiyva.
   348 | D        | Found a corrupted altar of Lugonu.
   349 | D        | Found a burning altar of Makhleb.
   349 | D        | Found a shimmering altar of Xom.
   379 | D        | Bought a ring of wizardry for 390 gold pieces
   397 | D        | Noticed a kobold demonologist
   398 | D        | Noticed a kobold demonologist
   402 | D        | Killed a kobold demonologist
   402 | D        | Reached * piety under Sif Muna
   403 | D        | Reached skill level 17 in Stealth
   405 | D        | Killed a kobold demonologist
   422 | D        | Noticed a centaur warrior
   424 | D        | Noticed a centaur warrior
   427 | D        | Killed a centaur warrior
   427 | D        | Reached ** piety under Sif Muna
   428 | D        | Reached skill level 18 in Stealth
   428 | D        | Killed a centaur warrior
   429 | D        | Reached skill level 19 in Stealth
   429 | D        | Reached XP level 11. HP: 61/61 MP: 24/27
   439 | D        | Reached skill level 20 in Stealth
   448 | D        | Noticed an oklob plant
   450 | D        | Killed an oklob plant
   456 | D        | Reached *** piety under Sif Muna
   460 | D        | Reached skill level 21 in Stealth
   471 | D        | Reached **** piety under Sif Muna
   519 | D        | Reached ***** piety under Sif Muna
   686 | D        | Found Nym Biru's Book Boutique.
   686 | D        | Found Mutrypso's Assorted Antiques.
   686 | D        | Found Mawu's Antique Armour Emporium.
   688 | D        | Found Foqalomm's Weapon Boutique.
   688 | D        | Found Ypyuruc's Weapon Shoppe.
   688 | D        | Found Juxzay's Jewellery Shop.
   688 | D        | Found Rahott's Armour Emporium.
   688 | D        | Found Dosyn's Jewellery Boutique.
   688 | D        | Found Woun's Distillery.
   688 | D        | Found Lifokhit's Book Shop.
   699 | D        | Slain by an unseen horror

Illustrated notes

Levels and vault maps discovered:
D:        dungeon_sprint_1 [red_sonja_temple_1, red_sonja_temple_small_1]

Skill      XL: |  1  2  3  4  5  6  7  8  9 10 11 |
---------------+----------------------------------+-----
Short Blades   | 2 3 5 |  5.9
Stealth        | 5 6 8 9 11 13 15 19 21 | 21.5
Ice Magic      | 2 3 4 5 7 9 10 12 | 12.0
Dodging        | 4 5 6 |  6.0
Spellcasting   | 4 5 7 8 10 12 | 12.0
Hexes          | 4 5 6 8 9 11 12 | 12.0

Action                     |  1- 3 |  4- 6 |  7- 9 | 10-12 || total
---------------------------+-------+-------+-------+-------++-------
  Melee: Dagger            |     7 |     3 |    52 |    52 ||   114
         Constrict         |     1 |       |     6 |     6 ||    13
         Tentacles         |       |       |    20 |     9 ||    29
         Punch             |       |       |     2 |       ||     2
   Cast: Ensorcelled Hiber |     1 |     1 |     3 |    12 ||    17
         Confusing Touch   |       |       |     4 |     4 ||     8
    Use: Potion            |     2 |       |       |     3 ||     5
   Stab: Invisible         |     2 |       |       |       ||     2
         Sleeping          |     2 |     3 |     6 |    16 ||    27
         Confused          |       |       |     2 |     4 ||     6
 Armour: Skin              |       |       |       |     4 ||     4
  Dodge: Dodged            |     2 |     1 |       |    22 ||    25

Table legend: (Time is in decaauts)
 A = Elapsed time spent in this place.
 B = Non-inter-level travel time spent in this place.
 C = Inter-level travel time spent in this place.
 D = Time resting spent in this place.
 E = Time spent auto-exploring this place.
 F = Levels seen in this place.
 G = Mean time per level.
                   A        B        C        D        E       F      G
               +--------+--------+--------+--------+--------+-----+--------+
         Total |    677 |    660 |     17 |    165 |      0 |   1 |  677.0 |
       Dungeon |    677 |    660 |     17 |    165 |      0 |   1 |  677.0 |
               +--------+--------+--------+--------+--------+-----+--------+

Top non-repeatable levels by time:
       D: 677 daAuts
